 Dungeon Crawl Stone Soup version 0.31-a0-986-g5e6e4ef867 (console) character file.

Game seed: 5530195986506724888

18886 jejorda2 the Cleaver (level 12, -10/97 HPs)
             Began as a Gnoll Berserker on Nov 3, 2023.
             Was an Elder of Trog.
             Blown up by a great orb of eyes (63 damage)
             ... with a mindburst bolt
             ... on level 12 of the Dungeon.
             The game lasted 00:36:58 (11804 turns).

jejorda2 the Cleaver (Gnoll Berserker)             Turns: 11804, Time: 00:36:59

Health: -10/97     AC: 21    Str: 20    XL:     12   Next: 63%
Magic:  23/23      EV: 11    Int: 11    God:    Trog [****..]
Gold:   1245       SH:  0    Dex: 12    Spells: 26/26 levels left

rFire   + + .        a - +3 war axe
rCold   + . .        (no shield)
rNeg    . . .        u - +0 chain mail of Fashionability {-Cast rPois rF++ rC+ rCorr}
rPois   +            K - +2 helmet {Int+3}
rElec   .            F - +2 cloak
rCorr   +            (no gloves)
SInv    .            L - +2 pair of boots {Fly}
Will    .....        q - amulet of regeneration
Stlth   +            i - ring of resist corrosion
HPRegen 1.16/turn    (no ring)
MPRegen 0.18/turn

%: no spellcasting
@: mighty, on berserk cooldown, fragile, flying, slowed, very slow
A: fangs 1, strong nose, distributed training
a: Renounce Religion, Berserk, Trog's Hand, Brothers in Arms


You were on level 12 of the Dungeon.
You worshipped Trog.
Trog was greatly pleased with you.
You visited 1 branch of the dungeon, and saw 12 of its levels.
You also visited: Bailey.

You collected 1245 gold pieces.

Inventory:

Hand Weapons
 a - a +3 war axe (weapon)
 b - the +9 hammer "Soihasih" {flame, *Rage +Blink rElec}
   (You found it on level 5 of the Dungeon)

   rElec:     It insulates you from electricity.
   +Blink:    It lets you blink.
   *Rage:     It berserks you when you make melee attacks (+20% chance).
Missiles
 c - 11 atropa-tipped darts
 t - 18 boomerangs
 y - 11 poisoned darts (quivered)
 B - 15 darts of dispersal
Armour
 u - the +0 chain mail of Fashionability (worn) {-Cast rPois rF++ rC+ rCorr}
   (You found it on level 8 of the Dungeon)

   rF++:      It greatly protects you from fire.
   rC+:       It protects you from cold.
   rPois:     It protects you from poison -Cast: It prevents spellcasting.
   rCorr:     It protects you from acid and corrosion.
 F - a +2 cloak (worn)
 I - the +0 storm dragon scales of Jugroa {rElec rN+ Will+ Str+3 Dex-4}
   (You took it off an orc warrior in a bailey)

   Str+3:     It affects your strength (+3).
   Dex-4:     It affects your dexterity (-4).
   rElec:     It insulates you from electricity.
   rN+:       It protects you from negative energy.
   Will+:     It increases your willpower.
 K - a +2 helmet of intelligence (worn)
 L - a +2 pair of boots of flying (worn)
Jewellery
 i - a ring of resist corrosion (left hand)
 q - an amulet of regeneration (around neck)
Wands
 n - a wand of paralysis (21)
 s - a wand of flame (73)
 E - a wand of mindburst (4)
 J - a wand of polymorph (13)
 M - a wand of acid (4)
 N - a wand of iceblast (5)
Scrolls
 h - a scroll of enchant weapon
 j - a scroll of immolation
 l - a scroll of summoning
 m - 2 scrolls of fog
 p - 2 scrolls of teleportation
 r - 2 scrolls of silence
 w - a scroll of revelation
Potions
 d - a potion of mutation {unknown}
 e - 2 potions of ambrosia
 f - a potion of cancellation
 g - 5 potions of enlightenment
 k - 3 potions of curing
 o - a potion of degeneration {unknown}
 v - a potion of invisibility
 z - a potion of berserk rage {unknown}
 A - a potion of lignification
 C - 2 potions of brilliance {unknown}
 D - 3 potions of heal wounds
 G - a potion of resistance {unknown}
 H - a potion of attraction


   Skills:
 + Level 10.1 Fighting
 + Level 7.6 Short Blades
 + Level 7.6 Long Blades
 + Level 10.1 Axes
 + Level 7.6 Maces & Flails
 + Level 7.6 Polearms
 + Level 7.6 Staves
 + Level 7.6 Ranged Weapons
 + Level 7.6 Throwing
 + Level 9.0 Armour
 + Level 9.0 Dodging
 + Level 7.6 Stealth
 + Level 7.6 Shields
 + Level 7.6 Unarmed Combat
 + Level 7.6 Spellcasting
 + Level 6.3 Conjurations
 + Level 6.3 Hexes
 + Level 6.3 Summonings
 + Level 6.3 Necromancy
 + Level 6.3 Translocations
 + Level 6.3 Transmutations
 + Level 6.3 Fire Magic
 + Level 6.3 Ice Magic
 + Level 6.3 Air Magic
 + Level 6.3 Earth Magic
 + Level 6.3 Poison Magic
 + Level 8.3 Invocations
 + Level 7.6 Evocations
 + Level 6.9 Shapeshifting


You had 26 spell levels left.
You didn't know any spells.
Your spell library was empty.

Dungeon Overview and Level Annotations

Branches:
Dungeon (12/15)            Temple (0/1) D:4            Lair (0/5) D:11
    Orc (0/2) D:12         Bailey (visited)

Altars:
Cheibriados
Fedhas
Makhleb
Nemelex Xobeh
Qazlal
Sif Muna
Xom
Zin


Innate Abilities, Weirdness & Mutations

You have very sharp teeth.
Your uncanny sense of smell can sniff out nearby items.
Your experience applies equally to all skills.


Message History

Here: a great orb of eyes (heavily wounded)
The floor.
Unknown command.
You are too confused!
The orc knight unwields a +0 long sword.
The orc knight wields a +0 arbalest.
The orc knight shoots a bolt.
The bolt hits you. The wraith attacks as it pursues you!
The wraith hits you but does no damage. The wraith misses you.
You feel less confused.
The orc knight shoots a bolt.
The bolt closely misses you.
The orc knight unwields a +0 arbalest.
The orc knight wields a +0 long sword.
The orc knight hits you but does no damage.
You hit the orc knight but do no damage.
Your punch misses the orc knight.
You bite the orc knight, but do no damage.
The orc knight is lightly wounded.
The orc knight hits you with a +0 long sword.
You slash the orc knight! Your bite misses the orc knight.
The orc knight is moderately wounded.
The orc knight hits you but does no damage. x2
You feel very mighty all of a sudden. The orc knight barely misses you.
You slash the orc knight! You bite the orc knight.
The orc knight is heavily wounded.
The orc knight hits you with a +0 long sword!
The orc knight closely misses you.
You barely miss the orc knight.
The orc knight is heavily wounded.
You slash the great orb of eyes!
You bite the great orb of eyes, but do no damage.
The great orb of eyes is heavily wounded.
The great orb of eyes gazes at you.
Your body becomes as fragile as glass!
You hit the great orb of eyes. You bite the great orb of eyes.
The great orb of eyes is severely wounded.
The great orb of eyes gazes at you.
Your mind is blasted!
Ouch! That really hurt!
You die...

#.. ..............
#.. #...............
#.# ##...............
#.. .................
#.####...............
#....#...........####
#.Wo.#...............
#.####...............
#WoG@............####
#.####.####.####.#
#....#.#..#.#..#.####
#....#.#..#.#..#.....
#.:..#.#..#.#).#..###
#.(.)......†.....##
##################


You could see an orc knight, a great orb of eyes and a wraith.

Vanquished Creatures
  Erolcha (D:9)
  A centaur warrior (D:11)
  3 two-headed ogres
  3 boulder beetles (D:12)
  4 skeletal warriors (D:11)
  2 cyclopes
  2 gargoyles
  An unseen horror (D:12)
  A rime drake (D:11)
  A komodo dragon (D:11)
  6 trolls
  A polar bear (D:11)
  A hornet (D:12)
  Sigmund (D:6)
  A shadow (D:11)
  A centaur simulacrum (D:12)
  Eustachio (D:5)
  2 wyverns (D:8)
  2 wraiths
  17 yaks
  A basilisk (D:12)
  2 acid dragons (D:12)
  A warg (D:12)
  A water moccasin (D:5)
  Edmund (D:5)
  5 orc warriors
  2 ice beasts (D:11)
  A sky beast (D:8)
  An ogre (D:5)
  A wolf (D:11)
  6 centaurs
  A phantom (D:5)
  3 kobold brigands
  Blork the orc (D:5)
  2 bullfrogs
  A scorpion (D:7)
  2 gnoll sergeants
  6 wights (D:7)
  4 killer bees (D:10)
  2 howler monkeys (D:6)
  3 hounds
  3 jellies
  9 orc priests
  An iron imp (D:8)
  Crazy Yiuf (D:5)
  4 iguanas
  15 orc wizards
  9 gnolls
  8 adders
  A white imp (D:7)
  2 worms
  5 dart slugs
  53 orcs
  2 bats (D:2)
  9 endoplasms
  3 giant cockroaches
  7 hobgoblins
  17 kobolds
  A quokka (D:2)
  6 ball pythons
  7 frilled lizards
  8 goblins
  3 rats
273 creatures vanquished.

Vanquished Creatures (collateral kills)
  A wight (D:7)
  An orc (D:7)
2 creatures vanquished.

Grand Total: 275 creatures vanquished

Notes
Turn   | Place    | Note
-------+----------+-------------------------------------------
     0 | D:1      | jejorda2 the Gnoll Berserker began the quest for the Orb.
     0 | D:1      | Reached XP level 1. HP: 23/23 MP: 1/1
   212 | D:1      | Found a faded altar of an unknown god.
   228 | D:1      | Reached XP level 2. HP: 29/29 MP: 2/2
   383 | D:1      | You fall into a shaft and drop 1 floor!
  1010 | D:2      | Reached XP level 3. HP: 35/35 MP: 3/3
  1037 | D:2      | Reached ** piety under Trog
  1161 | D:2      | Reached skill level 1 in Invocations
  1430 | D:2      | Reached skill level 1 in Short Blades
  1430 | D:2      | Reached skill level 1 in Long Blades
  1430 | D:2      | Reached skill level 1 in Maces & Flails
  1430 | D:2      | Reached skill level 1 in Polearms
  1430 | D:2      | Reached skill level 1 in Staves
  1430 | D:2      | Reached skill level 1 in Ranged Weapons
  1430 | D:2      | Reached skill level 1 in Throwing
  1430 | D:2      | Reached skill level 1 in Stealth
  1430 | D:2      | Reached skill level 1 in Shields
  1430 | D:2      | Reached skill level 1 in Unarmed Combat
  1430 | D:2      | Reached skill level 1 in Spellcasting
  1430 | D:2      | Reached skill level 1 in Evocations
  1751 | D:3      | Reached XP level 4. HP: 39/41 MP: 5/5
  1774 | D:3      | Reached skill level 1 in Shapeshifting
  1984 | D:3      | Reached skill level 1 in Conjurations
  1984 | D:3      | Reached skill level 1 in Hexes
  1984 | D:3      | Reached skill level 1 in Summonings
  1984 | D:3      | Reached skill level 1 in Necromancy
  1984 | D:3      | Reached skill level 1 in Translocations
  1984 | D:3      | Reached skill level 1 in Transmutations
  1984 | D:3      | Reached skill level 1 in Fire Magic
  1984 | D:3      | Reached skill level 1 in Ice Magic
  1984 | D:3      | Reached skill level 1 in Air Magic
  1984 | D:3      | Reached skill level 1 in Earth Magic
  1984 | D:3      | Reached skill level 1 in Poison Magic
  2169 | D:3      | Reached XP level 5. HP: 45/47 MP: 6/6
  2797 | D:4      | Found a staircase to the Ecumenical Temple.
  2811 | D:3      | Reached XP level 6. HP: 46/53 MP: 8/8
  2967 | D:4      | Identified the +6 falchion "Okuhi" {freeze, +Blink rElec
                  | rC++ Int-5}
  2997 | D:4      | Found a shimmering blue altar of Sif Muna.
  3432 | D:5      | Entered Level 5 of the Dungeon
  3438 | D:5      | Reached *** piety under Trog
  3439 | D:5      | Reached skill level 5 in Armour
  3439 | D:5      | Reached skill level 5 in Dodging
  3491 | D:5      | Noticed Edmund
  3500 | D:5      | Killed Edmund
  3541 | D:5      | Noticed a water moccasin
  3546 | D:5      | Reached XP level 7. HP: 60/60 MP: 10/10
  3565 | D:5      | HP: 2/60 [poisoned by a water moccasin]
  3690 | D:5      | Noticed Eustachio
  3701 | D:5      | Killed Eustachio
  3983 | D:5      | Reached XP level 8. HP: 61/67 MP: 12/12
  4071 | D:5      | Noticed Blork the orc
  4072 | D:5      | Found a blossoming altar of Fedhas.
  4078 | D:5      | Killed Blork the orc
  4114 | D:5      | Found a sparkling altar of Nemelex Xobeh.
  4450 | D:5      | Found a runed translucent door.
  4451 | D:5      | Noticed Crazy Yiuf
  4458 | D:5      | Killed Crazy Yiuf
  4464 | D:5      | Identified the +9 hammer "Soihasih" {flame, *Rage +Blink
                  | rElec}
  4751 | D:6      | Identified the +7 dagger of the Lamprey {venom, rElec}
  4888 | D:6      | Found a glowing silver altar of Zin.
  4896 | D:6      | Noticed Sigmund
  4902 | D:6      | Killed Sigmund
  5007 | D:6      | Noticed a troll
  5020 | D:6      | Killed a troll
  5494 | D:6      | Reached XP level 9. HP: 73/73 MP: 14/14
  6938 | D:7      | Identified the +2 dagger of Zocw {vamp, rC+ rN+ Int-2}
  6979 | D:8      | Noticed a troll
  6979 | D:8      | Found a shimmering altar of Xom.
  7020 | D:8      | Noticed a troll
  7020 | D:8      | Found a flagged portal.
  7027 | D:8      | Killed a troll
  7028 | D:8      | Reached skill level 5 in Invocations
  7055 | Bailey   | Entered a bailey
  7299 | Bailey   | Identified the +0 storm dragon scales of Jugroa {rElec rN+
                  | Will+ Str+3 Dex-4}
  7564 | D:8      | Found a snail-covered altar of Cheibriados.
  7575 | D:8      | Reached **** piety under Trog
  7737 | D:8      | Reached XP level 10. HP: 80/80 MP: 17/17
  7744 | D:8      | Found a burning altar of Makhleb.
  7763 | D:8      | Found a stormy altar of Qazlal.
  7772 | D:8      | Reached skill level 5 in Short Blades
  7772 | D:8      | Reached skill level 5 in Long Blades
  7772 | D:8      | Reached skill level 5 in Maces & Flails
  7772 | D:8      | Reached skill level 5 in Polearms
  7772 | D:8      | Reached skill level 5 in Staves
  7772 | D:8      | Reached skill level 5 in Ranged Weapons
  7772 | D:8      | Reached skill level 5 in Throwing
  7772 | D:8      | Reached skill level 5 in Stealth
  7772 | D:8      | Reached skill level 5 in Shields
  7772 | D:8      | Reached skill level 5 in Unarmed Combat
  7772 | D:8      | Reached skill level 5 in Spellcasting
  7772 | D:8      | Reached skill level 5 in Evocations
  7807 | D:8      | Identified the +0 chain mail of Fashionability {-Cast rPois
                  | rF++ rC+ rCorr}
  8553 | D:9      | Noticed Erolcha
  8573 | D:9      | Killed Erolcha
  8793 | D:9      | Reached skill level 5 in Shapeshifting
  9111 | D:10     | Entered Level 10 of the Dungeon
  9334 | D:10     | Noticed a gargoyle
  9345 | D:10     | Killed a gargoyle
  9346 | D:10     | Reached XP level 11. HP: 85/87 MP: 19/19
  9493 | D:10     | Noticed a two-headed ogre
  9504 | D:10     | Killed a two-headed ogre
  9505 | D:10     | Reached skill level 5 in Conjurations
  9505 | D:10     | Reached skill level 5 in Hexes
  9505 | D:10     | Reached skill level 5 in Summonings
  9505 | D:10     | Reached skill level 5 in Necromancy
  9505 | D:10     | Reached skill level 5 in Translocations
  9505 | D:10     | Reached skill level 5 in Transmutations
  9505 | D:10     | Reached skill level 5 in Fire Magic
  9505 | D:10     | Reached skill level 5 in Ice Magic
  9505 | D:10     | Reached skill level 5 in Air Magic
  9505 | D:10     | Reached skill level 5 in Earth Magic
  9505 | D:10     | Reached skill level 5 in Poison Magic
  9907 | D:11     | Noticed a cyclops
  9920 | D:11     | Killed a cyclops
  9959 | D:11     | Noticed a skeletal warrior
  9964 | D:11     | Noticed a two-headed ogre
  9973 | D:11     | Killed a two-headed ogre
  9988 | D:11     | Killed a skeletal warrior
 10161 | D:11     | Noticed a centaur warrior
 10163 | D:11     | Noticed a skeletal warrior
 10174 | D:11     | Killed a centaur warrior
 10182 | D:11     | Noticed a skeletal warrior
 10183 | D:11     | Noticed a two-headed ogre
 10186 | D:11     | HP: 3/89 [gnoll sergeant/+2 vampiric spear (3)]
 10211 | D:11     | Found a staircase to the Lair.
 10281 | D:11     | Noticed a skeletal warrior
 10313 | D:11     | Killed a skeletal warrior
 10321 | D:11     | Killed a skeletal warrior
 10366 | D:11     | Killed a skeletal warrior
 10476 | D:11     | Killed a two-headed ogre
 10535 | D:11     | Reached XP level 12. HP: 76/97 MP: 22/22
 10799 | D:12     | Noticed Nessos
 10801 | D:12     | Nessos changed into Nessos the cyclops
 10801 | D:12     | Noticed Nessos
 10807 | D:12     | Killed Nessos the cyclops
 11012 | D:12     | Noticed a boulder beetle
 11026 | D:12     | Killed a boulder beetle
 11166 | D:12     | Noticed a boulder beetle
 11186 | D:12     | Killed a boulder beetle
 11264 | D:12     | Found a staircase to the Orcish Mines.
 11313 | D:12     | Reached skill level 10 in Fighting
 11313 | D:12     | Reached skill level 10 in Axes
 11608 | D:12     | Noticed a boulder beetle
 11627 | D:12     | Killed a boulder beetle
 11779 | D:12     | Noticed a great orb of eyes
 11804 | D:12     | Blown up by a great orb of eyes

Illustrated notes

Levels and vault maps discovered:
D:1:      lightli_arrival_statuegarden, layout_loops_corners,
          hellmonk_ecumenical_altar_run_dry, minmay_cut_off
D:2:      layout_loops_cross, corexii_item_surrounded_by_moat
D:3:      layout_basic
D:4:      layout_basic, kennysheep_mini, minmay_temple_entry_sparse_star
D:5:      layout_basic, mainiacjoe_overflow_two_lobes, uniq_eustachio,
          uniq_blork_the_orc, uniq_edmund, uniq_crazy_yiuf_cottage
D:6:      layout_gridville, mainiacjoe_overflow_concentric_impassable,
          roderic_roman_lattice, minmay_unpleasant_kobolds, uniq_sigmund
D:7:      layout_basic, kennysheep_small_circle
D:8:      layout_loops_ring, dk_xom_monty_hall,
          nicolae_qazlal_beasts_of_the_sky, slow_altar_1,
          mainiacjoe_overflow_six_doors_small, enter_bailey_2,
          chequers_serial_rivers_small_3
D:9:      layout_basic, uniq_erolcha
D:10:     layout_loops_ring
D:11:     layout_cave_pools, hellmonk_lair_entry_icy, kennysheep_generic_room_5
D:12:     minmay_open_boxes_in_corner, layout_long_grid, erik_orc_4, uniq_nessos

Skill      XL: |  1  2  3  4  5  6  7  8  9 10 11 12 |
---------------+-------------------------------------+-----
Invocations    | 1 2 3 4 5 6 7 8 |  8.3
Short Blades   | 1 2 3 4 5 6 7 |  7.6
Long Blades    | 1 2 3 4 5 6 7 |  7.6
Maces & Flails | 1 2 3 4 5 6 7 |  7.6
Polearms       | 1 2 3 4 5 6 7 |  7.6
Staves         | 1 2 3 4 5 6 7 |  7.6
Ranged Weapons | 1 2 3 4 5 6 7 |  7.6
Throwing       | 1 2 3 4 5 6 7 |  7.6
Stealth        | 1 2 3 4 5 6 7 |  7.6
Shields        | 1 2 3 4 5 6 7 |  7.6
Unarmed Combat | 1 2 3 4 5 6 7 |  7.6
Spellcasting   | 1 2 3 4 5 6 7 |  7.6
Evocations     | 1 2 3 4 5 6 7 |  7.6
Shapeshifting  | 1 2 3 4 5 6 |  6.9
Conjurations   | 1 2 3 4 5 6 |  6.3
Hexes          | 1 2 3 4 5 6 |  6.3
Summonings     | 1 2 3 4 5 6 |  6.3
Necromancy     | 1 2 3 4 5 6 |  6.3
Translocations | 1 2 3 4 5 6 |  6.3
Transmutations | 1 2 3 4 5 6 |  6.3
Fire Magic     | 1 2 3 4 5 6 |  6.3
Ice Magic      | 1 2 3 4 5 6 |  6.3
Air Magic      | 1 2 3 4 5 6 |  6.3
Earth Magic    | 1 2 3 4 5 6 |  6.3
Poison Magic   | 1 2 3 4 5 6 |  6.3
Armour         | 5 6 7 8 9 |  9.0
Dodging        | 5 6 7 8 9 |  9.0
Fighting       | 7 8 9 10 | 10.1
Axes           | 7 8 9 10 | 10.1

Action                     |  1- 3 |  4- 6 |  7- 9 | 10-12 || total
---------------------------+-------+-------+-------+-------++-------
  Melee: Hand axe          |   103 |    17 |    95 |       ||   215
         Bite              |     9 |    14 |    22 |    66 ||   111
         War axe           |       |   102 |    78 |   500 ||   680
         Punch             |       |     2 |     3 |    32 ||    37
         Battleaxe         |       |       |    78 |       ||    78
  Throw: Dart              |       |     4 |       |    23 ||    27
         Boomerang         |       |       |       |    34 ||    34
 Invoke: Berserk           |       |     2 |     6 |    13 ||    21
         Trog's Hand       |       |     2 |     2 |     5 ||     9
  Evoke: Wand              |       |     4 |     1 |     1 ||     6
    Use: Potion            |       |       |     2 |     2 ||     4
         Scroll            |       |       |    25 |     5 ||    30
   Stab: Sleeping          |     1 |       |       |       ||     1
 Armour: Animal skin       |    24 |       |       |       ||    24
         Chain mail        |    18 |    99 |   189 |   575 ||   881
         Storm dragon scal |       |       |    20 |    11 ||    31
         Plate armour      |       |       |    10 |       ||    10
  Dodge: Dodged            |    65 |    48 |   121 |   308 ||   542

Table legend: (Time is in decaauts)
 A = Elapsed time spent in this place.
 B = Non-inter-level travel time spent in this place.
 C = Inter-level travel time spent in this place.
 D = Time resting spent in this place.
 E = Time spent auto-exploring this place.
 F = Levels seen in this place.
 G = Mean time per level.
                   A        B        C        D        E       F      G
               +--------+--------+--------+--------+--------+-----+--------+
         Total |  12055 |  11275 |    780 |   1158 |   7584 |  13 |  927.3 |
       Dungeon |  11590 |  10810 |    780 |   1113 |   7482 |  12 |  965.8 |
        Bailey |    464 |    464 |      0 |     45 |    102 |   1 |  464.0 |
               +--------+--------+--------+--------+--------+-----+--------+

Top non-repeatable levels by time:
     D:5: 1505 daAuts
     D:6: 1173 daAuts
     D:3: 1029 daAuts
    D:12: 1021 daAuts
     D:1: 985 daAuts
     D:7: 972 daAuts
    D:11: 917 daAuts
     D:8: 904 daAuts
     D:2: 854 daAuts
    D:10: 824 daAuts
     D:9: 816 daAuts
     D:4: 583 daAuts
  Bailey: 464 daAuts
